[Event "Mitropa Cup Open 2022"]
[Site "Corte"]
[Date "2022.05.02"]
[Round "3.4"]
[White "Koelle, Tobias"]
[Black "Frank, Adam"]
[Result "1-0"]
[ECO "E71"]
[WhiteElo "2384"]
[BlackElo "2327"]
[Annotator "TA"]
[PlyCount "87"]
[EventDate "2022.04.30"]
[EventType "team-tourn"]
[EventCountry "FRA"]
[SourceTitle "playchess.com"]
[Source "ChessBase"]
[SourceQuality "1"]
[TimeControl "40/5400+30:1800+30"]

1. d4 Nf6 2. c4 g6 3. Nc3 Bg7 4. e4 d6 5. h3 O-O 6. Be3 c6 7. Nf3 e5 8. d5 Na6 9. Be2 {[%emt 0:02:06] E90: King's Indian: Classical: Early deviations and 6 h3.} Nh5 {[%emt 0:00:06][%cal Bf6h5,Bh5f4,Bf4e2][%mdl 32] 9...Nh5 scores better than 9...cxd5.} 10. O-O Nf4 11. Re1 {[%emt 0:02:27] White has an edge.} Nxe2+ 12. Qxe2 {[%emt 0:00:40] [#]} f5 $146 ({Predecessor:} 12... c5 13. Kh2 f5 14. Bg5 Qe8 15. exf5 gxf5 16. Nh4 h6 17. Bc1 Qf7 18. g3 Kh7 {1-0 (35) Perry,W (2210)-Guerra,R (2247) ICCF email 2018}) 13. Bg5 Bf6 (13... Qd7 $14) 14. Bh6 $16 Rf7 {[%emt 0:14:25] [#]} 15. exf5 (15. dxc6 $1 $16 {And now Rad1 would win.} bxc6 16. exf5 gxf5 17. Rad1) 15... gxf5 $14 16. Nh2 {[%emt 0:07:12] White is more active.} (16. dxc6 $14 bxc6 17. Rad1) 16... Nc5 17. Kh1 ({White should play} 17. Rad1 $11) 17... e4 $15 18. Rad1 Be5 {[%emt 0:04:03] Inhibits Bf4.} (18... Bxc3 $15 19. bxc3 Qh4) 19. f4 $36 {[%emt 0:02:32][%mdl 2048] Black is under pressure.} Bg7 20. Bxg7 Rxg7 21. Rg1 Qh4 (21... Kh8 $11) 22. b4 $1 $14 Nd7 (22... Nd3 $2 23. Rxd3 Bd7 24. Re3 $18) 23. dxc6 bxc6 24. Rxd6 Qxf4 25. c5 {[%emt 0:00:47] Black must now prevent Qc4+.} Qg3 $2 ({Better is} 25... Kh8 $14) 26. Qc4+ $18 Kh8 27. Qd4 {[%emt 0:00:14] Threatens to win with Ne2.} Nf8 $2 (27... Qd3) 28. Rd8 Bb7 29. Rxa8 {[%emt 0:02:00] Chess con chili.} Bxa8 {[%emt 0:00:03] [#]} 30. Qd8 $1 Kg8 {[%emt 0:01:58] [#]} 31. Ne2 (31. Nxe4 $1 $18 fxe4 32. Qxa8) 31... Qe3 $14 32. Qxa8 Qxe2 33. Qxc6 Qxa2 34. Nf1 Qb3 (34... Qe6 $11 {is superior.} 35. Qxe6+ Nxe6) 35. Qc8 Rf7 36. Qb8 Qc3 37. Ng3 {[%emt 0:00:55] Strongly threatening Ne2.} a5 38. bxa5 Qxc5 39. a6 Qd4 {[%emt 0:00:27][%mdl 8192] [#] Against Ra1} (39... Qa3 $14) 40. Nxf5 $1 {[%emt 0:00:27][%mdl 512] White is clearly winning.} Rxf5 (40... Qf6 41. Nd6) 41. a7 Ra5 42. a8=Q (42. Rf1 $142 Qc5 43. a8=Q Rxa8 44. Qxa8) 42... Rxa8 $18 43. Qxa8 {[%emt 0:00:07] aiming for Rf1.} Kg7 44. Re1 {[%emt 0:00:00] Weighted Error Value: White=0.33/Black=0.32} ({Don't play} 44. Rf1 Ng6 45. Re1 Kh6 $18) 1-0

[Event "Mitropa Cup Open 2022"]
[Site "Corte"]
[Date "2022.05.03"]
[Round "4.1"]
[White "Baenziger, Fabian"]
[Black "Moussard, Jules"]
[Result "0-1"]
[ECO "E43"]
[WhiteElo "2429"]
[BlackElo "2630"]
[Annotator "TA"]
[PlyCount "160"]
[EventDate "2022.04.30"]
[EventType "team-tourn"]
[EventCountry "FRA"]
[SourceTitle "playchess.com"]
[Source "ChessBase"]
[SourceQuality "1"]
[TimeControl "40/5400+30:1800+30"]

1. d4 Nf6 2. c4 e6 3. Nc3 Bb4 4. e3 O-O 5. Bd3 c5 6. Nf3 b6 7. O-O Bb7 8. Na4 cxd4 9. a3 Be7 10. exd4 Re8 {[%emt 0:00:35] E43: Nimzo-Indian: Rubinstein: 4...b6.} 11. Nc3 d6 12. Re1 Nbd7 {[%emt 0:01:17] The position is equal.} 13. Bf4 a6 14. h3 {[%emt 0:06:55] [#]} Rc8 $146 ({Predecessor:} 14... Ra7 15. Bg3 Qa8 16. d5 exd5 17. cxd5 Nxd5 18. Ne4 N5f6 19. Nxd6 Bxd6 20. Bxd6 Rxe1+ 21. Nxe1 {1-0 (68) Lukacs,P (2500)-Vegh,E (2375) Budapest 1987}) 15. Bh2 Qc7 16. b4 Qb8 17. Re3 Qa8 18. Qe2 Bf8 19. Re1 g6 20. Ng5 Bh6 (20... Bxg2 21. f3 $16) 21. h4 $36 {[%emt 0:05:44][%mdl 2048] White has the initiative.} Bf8 (21... e5 $1 $11 22. dxe5 Nxe5) 22. Nge4 $16 Nxe4 23. Nxe4 (23. Bxe4 $6 Bxe4 24. Nxe4 d5 25. cxd5 exd5 $11) 23... Bxe4 24. Bxe4 (24. Rxe4 h5 $14) 24... Qa7 25. h5 Nf6 26. hxg6 hxg6 27. Bd3 a5 28. Qf3 Qe7 29. bxa5 bxa5 30. Rb1 Bg7 31. Rb6 Red8 32. Qf4 d5 33. c5 Ne4 {[%emt 0:00:05] Against Qg5} 34. Bxe4 dxe4 (34... Bxd4 35. Bxg6 $1 Bxe3 36. Qxe3 fxg6 37. Rxe6 $18) 35. Qxe4 (35. Rxe4 $2 Qxc5 $3 36. Rb1 Qxa3 $19) 35... Rxd4 36. Bd6 Qd8 37. Qf3 Rd5 38. Rb7 (38. g4 $5 ) 38... Rf5 39. Qe4 Bf8 40. Bxf8 (40. g4 $11 Bxd6 41. gxf5 Bxc5 42. Rg3 (42. fxg6 $2 Qg5+ 43. Kh2 Bd6+ 44. Kh3 Rc1 $19)) 40... Qxf8 41. c6 Qd6 42. Rd7 $1 Qxc6 43. Rd8+ Kh7 {[%emt 0:01:47] Strongly threatening ...Qxe4.} 44. Rh3+ Kg7 45. Qd4+ e5 $1 {[%emt 0:01:31] Chess con chili.} 46. Rxc8 Qxc8 $15 {[%emt 0:00:05][%mdl 4096] Endgame KQR-KQR} 47. Qe3 (47. Qd2 $15) 47... Qc2 48. Qh6+ $2 ({Better is} 48. f3 $15) 48... Kf6 $19 49. Qh4+ (49. Qe3 $142) 49... Ke6 $1 50. Qg3 Qc1+ 51. Kh2 Qf4 52. Qxf4 Rxf4 {[%emt 0:00:05] KR-KR} ({Weaker is} 52... exf4 53. Rc3 $17) 53. Kg1 Kd5 54. Rb3 a4 55. Rb5+ Ke6 56. Rb7 g5 (56... Rc4 $19 {Threatens to win with ...Rc3.} 57. Ra7 f5) 57. Ra7 $17 g4 58. Ra6+ $2 {[%emt 0:01:10] [#]} (58. g3 Rc4 59. Kf1) 58... Kf5 $1 $19 59. Ra7 f6 60. Ra6 Kg5 61. g3 Re4 (61... Rc4 $19 {is more deadly. aiming for ...Kg6.} 62. Kf1 Kf5) 62. Kg2 $2 {[%emt 0:00:05] [#]} (62. Kf1 $17) 62... Kf5 $1 63. Rb6 Rd4 64. Ra6 Ke4 $2 (64... Rc4 $19 {White must now prevent ...Rd4.} 65. Kg1 Ke4) 65. Rxf6 $11 Rd3 66. Rg6 Kf5 ({Don't play} 66... Rxa3 67. Rxg4+ Kd5 68. Rb4 $15) 67. Rg8 $1 Rxa3 68. Rf8+ Ke4 69. Rg8 Kd3 70. Rxg4 e4 {[%emt 0:00:02] And now ...Ra2 would win.} 71. Rg8 Rb3 72. Ra8 $2 (72. g4 $15) 72... a3 $19 {[%emt 0:00:01] ...Kc2 is the strong threat.} 73. Ra4 Kc3 (73... Kc2 $142 74. g4 e3 75. fxe3 Kb2) 74. Rxe4 a2 {[%emt 0:00:02] Black mates.} 75. Ra4 Kb2 76. Rxa2+ Kxa2 77. Kh3 Rf3 78. Kg2 Rc3 79. Kh3 Kb3 80. Kg4 Kc4 {[%emt 0:00:04] Weighted Error Value: White=0.21 (precise) /Black=0.09 (flawless)} 0-1

[Event "Mitropa Cup Open 2022"]
[Site "Corte"]
[Date "2022.05.03"]
[Round "4.2"]
[White "Maurizzi, Marc Andria"]
[Black "Pelletier, Yannick"]
[Result "1-0"]
[ECO "B12"]
[WhiteElo "2489"]
[BlackElo "2555"]
[Annotator "TA"]
[PlyCount "66"]
[EventDate "2022.04.30"]
[EventType "team-tourn"]
[EventCountry "FRA"]
[SourceTitle "playchess.com"]
[Source "ChessBase"]
[SourceQuality "1"]
[TimeControl "40/5400+30:1800+30"]

1. e4 c6 2. d4 d5 3. e5 Bf5 4. Nf3 e6 5. Be2 Ne7 6. O-O h6 7. Nbd2 {[%emt 0:03:58] B12: Caro-Kann: Advance Variation.} Nd7 8. c3 c5 9. dxc5 {[%emt 0:03:48] White is slightly better.} Nc6 {[%emt 0:00:16] [#]} (9... Nxc5 $14 10. Nd4 Nd7) 10. b4 $1 $16 Ncxe5 (10... Be7 $142) 11. Nxe5 Nxe5 {[%emt 0:00:04] [#]} 12. Qa4+ $146 ({Predecessor:} 12. Bb5+ Nc6 13. Nf3 a6 14. Bxc6+ bxc6 15. Nd4 Qf6 16. Qa4 Rc8 17. Nxc6 Bd3 18. Na7+ {1-0 (43) Dobroselskiy,V-Llano,J ICCF email 2019}) 12... Nd7 13. Nb3 Bc2 14. Be3 Be7 15. Rac1 Bxb3 16. Qxb3 O-O 17. c4 {White is more active.} dxc4 18. Qxc4 Qc7 19. Bf4 e5 20. Be3 Bg5 (20... Rad8 $16) 21. Bxg5 $18 hxg5 22. Qg4 a5 {[%emt 0:00:03] [#]} 23. a3 ({Much worse is} 23. Qxg5 $6 axb4 24. Rc4 Nf6 $11) 23... axb4 24. axb4 Ra4 25. Rc4 Nf6 26. Qxg5 Rd8 27. Bf3 ({White should play} 27. Rfc1 $18) 27... b6 {[%emt 0:02:54] This costs Black the game.} (27... b5 $1 $14 28. Rc2 (28. Rh4 e4 $14) 28... Rxb4) 28. c6 b5 (28... Re8 $142 29. Qg3 Ra3) 29. Rh4 Qd6 30. Qg3 Qe6 31. c7 {[%emt 0:07:08] White wants to mate with Qh3.} Rc8 32. Rd1 {[%emt 0:04:14] Qh3 is the strong threat.} Rxc7 33. Rd8+ Ne8 {[%emt 0:00:03] Weighted Error Value: White=0.06 (flawless) /Black=0.28 (precise)} 1-0

[Event "Mitropa Cup Open 2022"]
[Site "Corte"]
[Date "2022.05.03"]
[Round "4.3"]
[White "Gaehwiler, Gabriel"]
[Black "Boyer, Mahel"]
[Result "1/2-1/2"]
[ECO "D30"]
[WhiteElo "2421"]
[BlackElo "2438"]
[Annotator "TA"]
[PlyCount "86"]
[EventDate "2022.04.30"]
[EventType "team-tourn"]
[EventCountry "FRA"]
[SourceTitle "playchess.com"]
[Source "ChessBase"]
[SourceQuality "1"]
[TimeControl "40/5400+30:1800+30"]

1. d4 d5 2. Nf3 e6 3. c4 a6 4. b3 Nf6 5. g3 dxc4 6. bxc4 {[%emt 0:00:16] D30: Queen's Gambit Declined: Systems without Nc3.} c5 {[%emt 0:00:23] [#]} 7. e3 $146 ({Predecessor:} 7. Bb2 Nc6 8. Bg2 cxd4 9. Nxd4 Bb4+ 10. Kf1 O-O 11. Qd3 Nxd4 12. Qxd4 Qxd4 13. Bxd4 {1-0 (32) Chu,R (2207)-Kairbekova,A (2132) Chess.com INT 2021}) 7... cxd4 8. exd4 {[%emt 0:02:23] The position is equal.} Bb4+ 9. Bd2 Bxd2+ 10. Nbxd2 Nc6 11. Nb3 a5 12. Bg2 a4 13. Nc1 (13. Nc5 Qa5+ 14. Qd2 {[#]} Nxd4 $1 15. Nxd4 Qxc5 $15) 13... Qa5+ 14. Qd2 O-O 15. Ne2 Rd8 16. Qxa5 Nxa5 17. c5 b6 (17... Nd5 $5 ) 18. cxb6 (18. Ne5 $5 Nd5 19. Rc1 $11) 18... Rb8 19. Rb1 (19. Nc3 $11) 19... Nd5 20. Ne5 Ba6 {[%emt 0:00:21] Inhibits Rb5.} (20... Rxb6 21. Kd2 $14) 21. Bxd5 Rxd5 22. Rb4 $1 f6 23. Nc3 $1 Rd6 (23... Rdd8 {feels hotter.} 24. Rxa4 Rxb6 25. Rxa5 fxe5 26. Kd2 Rxd4+ 27. Kc2 Bd3+) 24. Rxa4 fxe5 25. Rxa5 ({But not} 25. dxe5 Rc6 26. Rxa5 Rbxb6 $17) 25... Rdxb6 (25... Rbxb6 $15 26. Kd2 (26. Rxe5 Rxd4 27. Re3 Rb2 $17) (26. dxe5 Rd3 $17) 26... Rxd4+ 27. Kc2 Bd3+ 28. Kc1 Rc6) 26. dxe5 (26. Kd2 $1 $11) 26... Rc6 $17 {[%emt 0:03:29] Black continues to play with concentration.} 27. Rxa6 Rxa6 {[%emt 0:00:04][%mdl 4096] Endgame KRR-KRN} 28. O-O Rc8 29. Ne4 Rxa2 30. Ng5 Re8 31. f4 h6 32. Ne4 Rc8 {[%emt 0:00:28] White must now prevent ...Rc4.} 33. Nf2 (33. Rf2 $17 Rxf2 34. Nxf2) 33... Rcc2 $19 {[%emt 0:00:07] Hoping for ...g5.} 34. Kg2 Ra3 35. Rd1 $2 (35. Kh3) 35... g5 36. fxg5 hxg5 37. Kg1 Raa2 38. Ng4 Kg7 39. Rf1 Rc4 40. Nf6 (40. Nf2 {only move.}) 40... Kg6 41. Re1 Kf5 42. h3 $2 (42. Rf1+ Kxe5 43. Nd7+ Kd6 44. Nf6) 42... Rcc2 {[%emt 0:03:46] [#] ...Rg2+ is the strong threat.} 43. Ng4 Rg2+ {[%emt 0:00:46][%mdl 32768] Weighted Error Value: White=0.37/Black=0.09 (flawless) . An unexpected result.} 1/2-1/2

[Event "Mitropa Cup Open 2022"]
[Site "Corte"]
[Date "2022.05.03"]
[Round "4.4"]
[White "Loiseau, Quentin"]
[Black "Gallagher, Joseph G."]
[Result "1/2-1/2"]
[ECO "B97"]
[WhiteElo "2462"]
[BlackElo "2441"]
[Annotator "TA"]
[PlyCount "79"]
[EventDate "2022.04.30"]
[EventType "team-tourn"]
[EventCountry "FRA"]
[SourceTitle "playchess.com"]
[Source "ChessBase"]
[SourceQuality "1"]
[TimeControl "40/5400+30:1800+30"]

1. e4 c5 2. Nf3 d6 3. d4 cxd4 4. Nxd4 Nf6 5. Nc3 a6 6. Bg5 Nc6 7. f4 Qb6 8. Nb3 e6 9. Qf3 Be7 $1 {[%emt 0:06:12] B97: Sicilian Najdorf: Poisoned Pawn.} 10. O-O-O Bd7 (10... Qc7 $1 $11) 11. g4 h6 {[%emt 0:08:59] White is slightly better.} 12. Bh4 g5 {[%emt 0:12:13] [#]} 13. e5 $146 ({Predecessor:} 13. Bf2 Qc7 14. e5 dxe5 15. fxe5 Nxe5 16. Qe2 Ng6 17. Rd4 Nf4 18. Qd1 b5 19. a3 {0-1 (34) Boabaid,J (1842)-Gamarra,R (1925) Foz do Iguacu 2018}) 13... dxe5 $11 (13... gxh4 14. exf6) 14. fxg5 hxg5 15. Bxg5 Nd4 16. Nxd4 $1 $16 exd4 17. Bxf6 Bc6 {[%emt 0:02:54] [#]} 18. Qf2 $1 $18 Bxf6 {[%emt 0:00:08] [#]} 19. Qxf6 Rg8 {[%emt 0:01:36] [#]} (19... Rf8 20. Bb5) 20. Na4 Qd8 $11 21. Qxd8+ Rxd8 22. Rg1 {[%emt 0:00:40] Threatens to win with Nc5.} Bxa4 23. h4 Bc6 24. g5 Rh8 {[%emt 0:02:05] The position is equal.} 25. g6 fxg6 26. Rxg6 Rxh4 27. Rxe6+ Kd7 28. Rf6 Kc7 29. Bd3 a5 30. a3 Rd6 31. Rf2 Kb6 32. b3 Kc5 33. Kb2 Rh1 34. Rf5+ Rd5 35. Rxh1 Rxf5 36. Rh4 Re5 37. b4+ axb4 38. axb4+ Kxb4 39. Rxd4+ Kc5 40. Rf4 {[%emt 0:00:04] Weighted Error Value: White=0.18 (very precise) /Black=0.15 (very precise)} 1/2-1/2

[Event "Mitropa Cup Open 2022"]
[Site "Corte"]
[Date "2022.05.03"]
[Round "4.5"]
[White "Dragnev, Valentin"]
[Black "Basso, Pier Luigi"]
[Result "1-0"]
[ECO "C70"]
[WhiteElo "2548"]
[BlackElo "2583"]
[Annotator "TA"]
[PlyCount "61"]
[EventDate "2022.04.30"]
[EventType "team-tourn"]
[EventCountry "FRA"]
[SourceTitle "playchess.com"]
[Source "ChessBase"]
[SourceQuality "1"]
[TimeControl "40/5400+30:1800+30"]

1. e4 e5 2. Nf3 Nc6 3. Bb5 a6 4. Ba4 Nge7 5. c3 Ng6 6. d4 {[%emt 0:01:06] C70: Ruy Lopez: 3...a6 4 Ba4, Norwegian and Delayed Schliemann.} exd4 {[%emt 0:01:20] [#]} 7. Nxd4 $146 ({Predecessor:} 7. cxd4 Bb4+ 8. Nc3 d5 9. exd5 Bxc3+ 10. bxc3 Qxd5 11. O-O O-O 12. h3 Na5 13. Ba3 {1-0 (81) Kovalev,V (2623)-Demchenko,A (2654) Chess.com INT 2022}) 7... Nxd4 (7... Bc5 $11) 8. cxd4 $14 {[%emt 0:00:14] White is slightly better.} Bb4+ 9. Nc3 ({But not} 9. Bd2 Bxd2+ 10. Qxd2 (10. Nxd2 O-O $11) 10... O-O $11) 9... O-O 10. O-O Bxc3 (10... d6 $14) 11. bxc3 $16 d6 12. f4 {[%emt 0:02:44] [#] Threatens to win with f5.} f5 13. Bb3+ (13. Qh5 {is more complex.} Ne7 14. Bb3+ Kh8 15. exf5 Bxf5 16. g4) 13... Kh8 14. e5 (14. Qh5 {seems wilder.} b5 15. exf5 Rxf5 16. Qf3) 14... d5 {[%emt 0:02:07] Black is now going downhill.} (14... b5 $14) 15. Rf3 Be6 16. Rh3 {[%emt 0:03:01] aiming for Qh5.} h6 17. Bc2 Qe8 18. Qd3 Qf7 19. g4 Ne7 (19... fxg4 $2 20. Rh5 $18) 20. Ba3 Kh7 21. g5 Rh8 22. Kf2 {[%emt 0:01:42] And now Rg1 would win.} Kg8 $2 (22... h5 {was worth a try.} 23. g6+ Nxg6) 23. gxh6 $18 g6 24. Rg1 {[%emt 0:08:59] Black must now prevent Bxe7.} Kh7 (24... c5 $142 25. Bxc5 Re8) 25. Rhg3 Rag8 26. Rg5 Nc6 27. Qg3 Na5 {[%emt 0:01:39] [#]} 28. Be7 $1 Qxe7 (28... Nc4 29. Bf6) 29. Rxg6 {[%emt 0:00:09] White mates.} Qf7 30. Rg7+ {[%emt 0:00:35][%mdl 64] Skewer} Rxg7 31. hxg7 {[%emt 0:00:07] Weighted Error Value: White=0.08 (flawless) /Black=0.58} ({Not} 31. Qxg7+ Qxg7 32. Rxg7+ (32. hxg7 Re8 $15) 32... Kxh6 $11) 1-0

[Event "Mitropa Cup Open 2022"]
[Site "Corte"]
[Date "2022.05.03"]
[Round "4.6"]
[White "Moroni, Luca Jr"]
[Black "Blohberger, Felix"]
[Result "1-0"]
[ECO "A21"]
[WhiteElo "2584"]
[BlackElo "2502"]
[Annotator "TA"]
[PlyCount "79"]
[EventDate "2022.04.30"]
[EventType "team-tourn"]
[EventCountry "FRA"]
[SourceTitle "playchess.com"]
[Source "ChessBase"]
[SourceQuality "1"]
[TimeControl "40/5400+30:1800+30"]

1. c4 e5 2. Nc3 Bb4 3. Nd5 a5 4. Nf3 d6 5. a3 Bc5 6. e3 {[%emt 0:00:03] A21: English Opening: 1...e5 2 Nc3.} c6 7. Nc3 Nd7 8. d4 {[%emt 0:00:14] The position is equal.} Ba7 9. Be2 Ngf6 10. b4 O-O 11. Bb2 Bb8 12. d5 cxd5 13. cxd5 {[%emt 0:02:47] [#]} axb4 $146 ({Predecessor:} 13... Nb6 14. O-O Bg4 15. Qb3 a4 16. Qd1 Qe7 17. Rc1 Rc8 18. Nd2 Bd7 19. e4 Bc7 {½-½ (68) Wojtaszek,R (2717)-Bluebaum,M (2647) Warsaw 2020}) 14. axb4 Rxa1 15. Qxa1 Ne8 16. O-O f5 17. Nd2 Kh8 ({Black should play} 17... Nb6 $11) 18. Kh1 (18. Nc4 $14) 18... Nef6 19. f4 Nb6 20. Bf3 Bd7 21. Rc1 Ng4 22. Bxg4 fxg4 23. fxe5 dxe5 24. Rf1 (24. b5 $5 ) 24... Bd6 25. Nce4 Bxb4 26. Bxe5 Rxf1+ 27. Nxf1 {[%emt 0:00:05] Pair of Knights!} Bf8 ({Don't take} 27... Nxd5 28. Bxg7+ Kg8 29. Bb2 $14) 28. Nc3 Nc4 29. Bd4 b5 30. e4 b4 31. Nd1 Bb5 32. Nde3 Nd6 {[%emt 0:04:41] [#]} (32... Nxe3 $11 {keeps the balance.} 33. Nxe3 Qe8) 33. e5 $1 $16 Ne4 34. Ng3 Nf2+ (34... Nc5 {is tougher.}) 35. Kg1 $18 {[%emt 0:00:01] White is clearly winning.} Nd3 36. e6 Nf4 37. Ngf5 Ne2+ 38. Kf2 Nxd4 39. Qxd4 Qg5 40. d6 {[%emt 0:00:26] Weighted Error Value: White=0.07 (flawless) /Black=0.42} 1-0

[Event "Mitropa Cup Open 2022"]
[Site "Corte"]
[Date "2022.05.03"]
[Round "4.7"]
[White "Shengelia, David"]
[Black "Lodici, Lorenzo"]
[Result "0-1"]
[ECO "E36"]
[WhiteElo "2485"]
[BlackElo "2545"]
[Annotator "TA"]
[PlyCount "108"]
[EventDate "2022.04.30"]
[EventType "team-tourn"]
[EventCountry "FRA"]
[SourceTitle "playchess.com"]
[Source "ChessBase"]
[SourceQuality "1"]
[TimeControl "40/5400+30:1800+30"]

1. d4 Nf6 2. c4 e6 3. Nc3 Bb4 4. Qc2 d5 5. a3 Bxc3+ 6. Qxc3 c5 {[%emt 0:01:58] E36: Nimzo-Indian: Classical: 4...d5 5 a3.} 7. dxc5 d4 8. Qc2 e5 {[%emt 0:09:35][%cal Be6e5,Be5e4][%mdl 32] White has an edge.} 9. g3 (9. e3 $14) 9... O-O $11 {[%emt 0:15:25][%mdl 1024] Black has compensation.} 10. Bg2 a5 {[%emt 0:02:26] [#]} 11. Nf3 $146 ({Predecessor:} 11. Bd2 Nc6 12. Rd1 Re8 13. e4 a4 14. Bb4 b6 15. cxb6 Qxb6 16. Bd6 Ba6 17. Nf3 {0-1 (30) Shishkin,V (2506)-Azarov,S (2605) Bucharest 2008}) 11... e4 12. Ng5 d3 13. Qd2 ({White should play} 13. exd3 $1 $11 exd3 14. Qc3) 13... Re8 $15 14. O-O h6 15. Nh3 Nc6 (15... Bxh3 $17 16. Bxh3 Nc6 17. exd3 Nd4) 16. Nf4 $11 dxe2 17. Nxe2 Be6 18. Qc3 Qd3 19. Re1 Bxc4 {[%emt 0:02:33] White must now prevent ...Nd5.} 20. Bf4 (20. Bd2 $11) 20... Nd5 $15 {[%emt 0:03:10] Pair of Knights!} 21. Qc1 Qb3 {[%emt 0:04:40] 0x0.00192b2779d6dp-1022s more active pieces.} 22. Nc3 Nxc3 23. Qxc3 Qxc3 24. bxc3 Bd3 25. Bf1 Rad8 26. Rad1 Bxf1 27. Kxf1 f5 28. Bc7 Rxd1 29. Rxd1 $11 {[%emt 0:00:01][%mdl 4096] Endgame KRB-KRN} Kf7 30. Ke2 Re7 31. Bd6 Rd7 32. f3 exf3+ 33. Kxf3 Ne5+ 34. Kf4 Ke6 35. h4 {[#] Prevents g5+. Threatens to win with Re1.} Nc4 36. h5 Nxa3 (36... Nxd6 $2 37. Rxd6+ Rxd6 38. cxd6 $18) 37. Re1+ Kd5 {[%emt 0:00:22] ...Nc4 is the strong threat.} 38. Kxf5 Nc4 39. Rd1+ $2 {[%emt 0:00:30] Now White is beyond hope.} (39. Be7 $1 $11 {and White is okay.}) 39... Kc6 $19 40. Ke6 (40. Ra1 $142) 40... b5 41. Rd4 a4 42. Bf4 $2 (42. Rd1) 42... Ra7 {[%emt 0:00:38] Black is clearly winning.} 43. Rd8 Kxc5 44. Rc8+ Kb6 45. Rb8+ Ka6 {[%emt 0:01:29] [#] Strongly threatening ...a3.} 46. Bc1 (46. Rd8 $142) 46... a3 47. Bxa3 Nxa3 {[%emt 0:00:05] KRN-KR} 48. Kd6 Ka5 {[%emt 0:01:41] aiming for ...Ka4.} 49. Kc6 Ka4 50. Kb6 Rf7 51. Ra8+ Kb3 {[%emt 0:00:04] And now ...Rf6+ would win.} 52. g4 Rf4 53. g5 hxg5 54. Ra7 Rh4 {[%emt 0:00:04] Weighted Error Value: White=0.59/Black=0.14 (very precise)} 0-1

[Event "Mitropa Cup Open 2022"]
[Site "Corte"]
[Date "2022.05.03"]
[Round "4.8"]
[White "Di Benedetto, Edoardo"]
[Black "Diermair, Andreas"]
[Result "1/2-1/2"]
[ECO "E15"]
[WhiteElo "2407"]
[BlackElo "2469"]
[Annotator "TA"]
[PlyCount "86"]
[EventDate "2022.04.30"]
[EventType "team-tourn"]
[EventCountry "FRA"]
[SourceTitle "playchess.com"]
[Source "ChessBase"]
[SourceQuality "1"]
[TimeControl "40/5400+30:1800+30"]

1. d4 Nf6 2. c4 e6 3. Nf3 b6 4. g3 Ba6 5. b3 Bb4+ 6. Bd2 Be7 7. Bg2 O-O 8. O-O d5 9. cxd5 exd5 10. Nc3 Re8 11. Ne5 {[%emt 0:03:09][%cal Ob3b4] E15: Queen's Indian: 4 g3 sidelines, 4 g3 Ba6 and 4 g3 Bb7 early deviations.} Bb7 12. Rc1 Na6 13. Bf4 h6 14. Nb5 Bf8 15. a4 c5 {[%emt 0:00:50] [#]} 16. Nc4 $146 ({Predecessor:} 16. Qd2 Qe7 17. h4 Qe6 18. Rfd1 Red8 19. Qb2 Qe7 20. Nd3 Ne4 21. Be5 Bc6 22. dxc5 bxc5 23. Bxe4 dxe4 {½-½ (51) Dzagnidze,N (2529)-Mkrtchian,L (2434) Huaian 2016}) 16... Re6 17. Ne3 Ne4 18. f3 (18. Ng4 $11) 18... Nd6 $15 {[%emt 0:12:07] Black wants to play ...Nxb5.} 19. dxc5 Nxb5 20. axb5 {[%emt 0:00:07] Hoping for c6.} Nxc5 21. Nf5 $1 Qf6 22. Nd4 Ree8 {[%emt 0:00:09] And now ...g5 would win.} 23. Qd2 a6 24. b4 Ne6 25. Nxe6 Qxe6 26. Rc7 Rab8 ({Better is} 26... Re7 $1 $17 {White must now prevent ...Rxc7.} 27. Rxe7 Bxe7 28. bxa6 Bxa6) 27. Rfc1 {[%emt 0:00:45] aiming for bxa6.} axb5 (27... Qxe2 $2 28. Qxe2 Rxe2 29. Bf1 $18) 28. h4 {[%emt 0:01:07] Prevents g5.} Ba8 (28... Qxe2 $2 29. Qxe2 Rxe2 30. Rd7 $18) 29. e3 Rbd8 (29... d4 $5 30. Qxd4 (30. exd4 Rbd8 $15) 30... Rbd8 $11) 30. Qd4 Be7 {[%emt 0:00:41] ...Bf6 is the strong threat.} 31. Be5 {[%emt 0:00:46][%mdl 8192] [#]} (31. Kh2 $11 {and White is okay.}) 31... f6 $1 $19 32. Bf4 {[%emt 0:00:35] [#]} g5 $1 33. hxg5 hxg5 34. Kf2 gxf4 35. Qxf4 Bd6 $2 (35... d4 $19 36. e4 d3) 36. Qh6 $11 {[%emt 0:00:06][%csl Gc7][%cal Rh6g7] The position is equal.} Qxe3+ 37. Qxe3 {[%emt 0:00:06][%cal Oe3h6] White wants to mate with Qh6! Dancing on a razor blade.} Rxe3 38. Kxe3 {[%emt 0:00:11] Threatens to win with Rc8.} d4+ 39. Kd3 (39. Kd2 {with more complications.} Bxb4+ 40. Kd3 Bd5 41. Bh3) 39... Bxc7 40. Rxc7 Bd5 41. Bh3 Bc4+ 42. Kd2 Re8 43. Rc8 Rxc8 {[%emt 0:00:15] And White is the lucky defender.  Weighted Error Value: White=0.32/Black=0.22 (precise)} 1/2-1/2